 Dungeon Crawl Stone Soup version 0.32-a0-876-gcfddb08e57 (webtiles) character file.

Game seed: 17681297048592131186

44 porpoise the Shooter (level 3, 0/31 HPs)
             Began as a Minotaur Hunter on Apr 1, 2024.
             Slain by a gnoll
             ... wielding a +0 halberd
              (5 damage)
             ... on level 1 of the Dungeon.
             The game lasted 00:02:20 (1055 turns).

porpoise the Shooter (Minotaur Hunter)              Turns: 1055, Time: 00:02:20

Health: 0/31       AC:  4    Str: 15    XL:     3   Next: 39%
Magic:  2/2        EV: 11    Int:  6    God:
Gold:   37         SH:  0    Dex: 15    Spells: 2/2 levels left

rFire   . . .        a - +0 shortbow
rCold   . . .        (shield currently unavailable)
rNeg    . . .        c - +0 leather armour
rPois   .            (helmet restricted)
rElec   .            (no cloak)
rCorr   .            (no gloves)
SInv    .            m - +0 pair of boots
Will    +....        (no amulet)
Stlth   +            i - ring of willpower
HPRegen 0.25/turn    (no ring)
MPRegen 0.08/turn

%: no passive effects
@: no status effects
A: horns 2, retaliatory headbutt
a: no special abilities


You were on level 1 of the Dungeon.
You visited 1 branch of the dungeon, and saw 2 of its levels.

You collected 37 gold pieces.

Inventory:

Hand Weapons
 a - a +0 shortbow (weapon)
Missiles
 j - 4 silver javelins
Armour
 c - a +0 leather armour (worn)
 m - a +0 pair of boots (worn)
Jewellery
 i - a ring of willpower (left hand)
Scrolls
 b - a scroll of butterflies
 d - a scroll of poison {unknown}
 e - a scroll of enchant armour {unknown}
 f - a scroll of revelation {unknown}
 g - a scroll of immolation {unknown}
 h - a scroll of torment {unknown}
 l - a scroll of summoning {unknown}
Potions
 k - a potion of heal wounds {unknown}


   Skills:
 + Level 3.3 Fighting
 * Level 5.3 Ranged Weapons
 - Level 2.1 Dodging
 - Level 0.7 Stealth


You had 2 spell levels left.
You didn't know any spells.
Your spell library was empty.

Dungeon Overview and Level Annotations

Branches:
Dungeon (2/15)

Altars:


Innate Abilities, Weirdness & Mutations

You have a pair of horns on your head.
You reflexively headbutt those who attack you in melee.


Message History

You shoot an arrow. The arrow hits the giant cockroach.
The giant cockroach is almost dead.
You shoot an arrow. The arrow hits the giant cockroach.
You kill the giant cockroach!
No target in view!
You climb downwards.
The hobgoblin hits you but does no damage.
The hobgoblin hits you.
There is a stone staircase leading up here.
The gnoll barely misses you. The hobgoblin hits you.
You climb upwards.
There is a stone staircase leading down here.
You shoot an arrow.
The arrow completely misses the hobgoblin.
The hobgoblin completely misses you.
You shoot an arrow. The arrow hits the hobgoblin.
The hobgoblin is almost dead.
The hobgoblin barely misses you.
You shoot an arrow. The arrow hits the hobgoblin.
You kill the hobgoblin!
You climb downwards.
There is a stone staircase leading up here.
The gnoll attacks as it pursues you!
The gnoll hits you from afar with a +0 halberd!
The gnoll hits you with a +0 halberd.
There is a stone staircase leading up, spattered with blood here.
The gnoll hits you from afar with a +0 halberd.
The gnoll barely misses you.
You climb upwards.
There is a stone staircase leading down here.
You are too injured to fight recklessly!
You are too injured to fight recklessly!
You shoot an arrow. The arrow hits the gnoll.
The gnoll is lightly wounded.
The gnoll closely misses you.
You shoot an arrow. The arrow closely misses the gnoll.
The gnoll hits you with a +0 halberd!
* * * LOW HITPOINT WARNING * * *
The gnoll hits you with a +0 halberd.
You die...

####.##..#'...######.##########
...#.##.##....#....#.......######
##.#....#.......................#
...#.####..........#.....#.####.#
####.##............#.....#.# #.#
.# ##+....ß........#.#.#.#.# #.#
'###...............#.#.#.#.# #.#
................g..#.#.#.#.# #.#
############....@).#.#.#.#.# #.#
##.####.#.#.#.#.# #.#
###.###..#.#.#.#.# #)#
###...##...#...#.#.# #.#
##...###....#####.#.# #.#
#..####...### #.#.# #.#
#.####...## #.#.# #.#
#.......#########.#># #.#
#....._⌠# #.......#.# #.#


You could see a gnoll.

Vanquished Creatures
  A gnoll (D:1)
  A dart slug (D:1)
  2 bats (D:1)
  An endoplasm (D:1)
  3 giant cockroaches (D:1)
  5 goblins
  3 hobgoblins (D:1)
  3 kobolds (D:1)
  3 quokkas (D:1)
  2 frilled lizards (D:1)
  3 rats
27 creatures vanquished.

Notes
Turn   | Place    | Note
-------+----------+-------------------------------------------
     0 | D:1      | porpoise the Minotaur Hunter began the quest for the Orb.
     0 | D:1      | Reached XP level 1. HP: 18/18 MP: 0/0
   138 | D:1      | Found a faded altar of an unknown god.
   257 | D:1      | Reached XP level 2. HP: 19/25 MP: 1/1
   595 | D:1      | Reached skill level 5 in Ranged Weapons
   918 | D:2      | Reached XP level 3. HP: 31/31 MP: 2/2
  1055 | D:1      | Slain by a gnoll

Illustrated notes

Levels and vault maps discovered:
D:1:      nicolae_arrival_somewhat_less_tricky_arrival, layout_basic,
          hellmonk_ecumenical_altar_crossroads
D:2:      layout_rooms, uniq_natasha, uniq_sigmund

Skill      XL: |  1  2 |
---------------+-------+-----
Fighting       | 3 |  3.3
Ranged Weapons | 5 |  5.3
Dodging        | |  2.1
Stealth        | |  0.7

Action                     || total
---------------------------++-------
   Fire: Shortbow          ||    85
 Armour: Leather armour    ||    27
  Dodge: Dodged            ||    15

Table legend: (Time is in decaauts)
 A = Elapsed time spent in this place.
 B = Non-inter-level travel time spent in this place.
 C = Inter-level travel time spent in this place.
 D = Time resting spent in this place.
 E = Time spent auto-exploring this place.
 F = Levels seen in this place.
 G = Mean time per level.
                   A        B        C        D        E       F      G
               +--------+--------+--------+--------+--------+-----+--------+
         Total |   1071 |   1061 |     10 |    110 |    783 |   2 |  535.5 |
       Dungeon |   1071 |   1061 |     10 |    110 |    783 |   2 |  535.5 |
               +--------+--------+--------+--------+--------+-----+--------+

Top non-repeatable levels by time:
     D:1: 1043 daAuts
     D:2: 28 daAuts
